AoeStats
← bkg45

Lombardia

507622409Analyzed
4v4 RM · 13d ago on Sep 19, 2026· 60m 41s· 8 players
Game mode
Random Map
Map size
Large (8 player)
Population
200
Speed
Normal
Resources
Standard
Victory
Conquest
Starting age
Dark Age
Ending age
Imperial Age
RankedLock teamsTeams togetherTeam positionsShared explorationLock speedFull tech treeHidden civsTurbo modeCheats
Victory
Defeat
🇺🇸 Dravidians · United States
1299
+14
🇨🇱 Mongols · Chile
1283
+14
🇺🇸 Italians · United States
1229
+17
🇺🇸 Ethiopians · United States
1150
+20
🇺🇸 Wei · United States
1506
-27
🇺🇸 Tatars · United States
1234
-16
🇺🇸 Celts · United States
1224
-15
🇺🇸 Wu · United States
1000
-26
joker_jack2012
1:35 Loom
10:27 Feudal Age
12:24 Horse Collar
20:33 Padded Archer Armor
20:25 Fletching
25:00 Castle Age
35:56 Red Cliffs Tactics
37:12 Bodkin Arrow
37:33 Leather Archer Armor
39:32 Wheelbarrow
42:56 Imperial Age
45:39 Heavy Plow
47:34 Caravan
47:14 Elite Fire Archer
48:54 Heavy Scorpion
52:19 Chemistry
51:41 Ballistics
52:00 Sitting Tiger
55:40 Hand Cart
57:40 Coinage
60:58 Banking
Matter JV
7:16 Loom
9:26 Feudal Age
10:35 Double-Bit Axe
11:21 Horse Collar
11:44 Loom
11:50 Loom
18:27 Castle Age
17:50 Wheelbarrow
19:35 Stone Mining
20:20 Bow Saw
20:11 Heavy Plow
20:35 Gold Mining
21:42 Hand Cart
24:44 Town Watch
25:37 Bloodlines
25:28 Husbandry
30:24 Imperial Age
28:27 Bloodlines
28:18 Husbandry
29:51 Scale Barding Armor
30:09 Tuntian
30:59 Stone Shaft Mining
30:59 Gold Shaft Mining
31:32 Chain Barding Armor
31:23 Forging
32:37 Fervor
33:42 Iron Casting
33:31 Town Patrol
32:54 Elite Tiger Cavalry
33:57 Conscription
35:25 Blast Furnace
35:00 Ming Guang Armor
35:31 Caravan
36:09 Scale Mail Armor
37:14 Fletching
38:26 Chemistry
37:47 Ballistics
37:37 Masonry
37:51 Fortified Wall
38:03 Bodkin Arrow
37:50 Treadmill Crane
41:36 Hoardings
40:43 Light Cavalry
41:25 Bracer
42:19 Murder Holes
47:14 Crop Rotation
47:01 Chain Mail Armor
46:46 Padded Archer Armor
47:03 Hussar
49:38 Leather Archer Armor
51:32 Ring Archer Armor
50:44 Treadmill Crane
50:57 Heated Shot
51:38 Guard Tower
51:19 Elite Skirmisher
61:25 Block Printing
61:31 Sanctity
The Dingo Warrior
4:47 Loom
12:06 Feudal Age
16:19 Castle Age
14:15 Double-Bit Axe
17:37 Bow Saw
18:00 Horse Collar
28:52 Imperial Age
27:34 Scale Mail Armor
27:44 Forging
27:51 Forging
28:53 Chain Mail Armor
30:42 Conscription
30:24 Capped Ram
32:29 Siege Ram
35:11 Wheelbarrow
35:34 Stronghold
37:06 Man-at-Arms
37:31 Gambesons
38:18 Plate Mail Armor
38:23 Iron Casting
37:50 Long Swordsman
38:34 Two-Handed Swordsman
39:17 Champion
40:06 Onager
42:28 Siege Onager
44:49 Siege Onager
Chicken Paprikash
8:40 Loom
11:04 Feudal Age
16:15 Castle Age
14:29 Double-Bit Axe
15:11 Horse Collar
17:08 Bow Saw
21:05 Town Watch
24:36 Wheelbarrow
24:20 Gold Mining
24:35 Heavy Plow
24:37 Fletching
27:50 Gold Shaft Mining
28:39 Hand Cart
28:21 Stone Mining
29:12 Ballistics
32:33 Imperial Age
30:05 Bodkin Arrow
30:24 Bloodlines
30:15 Husbandry
30:40 Padded Archer Armor
31:50 Leather Archer Armor
33:16 Bracer
33:46 Ring Archer Armor
32:38 Heavy Cavalry Archer
33:44 Conscription
34:59 Chemistry
40:30 Silk Armor
47:19 Light Cavalry
48:06 Scale Barding Armor
48:11 Forging
49:09 Chain Barding Armor
48:34 Hussar
49:42 Elite Skirmisher
52:08 Fortified Wall
53:28 Forging
Howie
1:54 Loom
12:02 Feudal Age
17:53 Castle Age
15:48 Double-Bit Axe
16:20 Horse Collar
19:51 Bow Saw
24:07 Wheelbarrow
23:21 Town Watch
27:21 Hand Cart
30:56 Imperial Age
28:28 Fletching
28:39 Padded Archer Armor
30:33 Thumb Ring
30:29 Bodkin Arrow
30:49 Leather Archer Armor
30:59 Ballistics
30:50 Masonry
31:01 Gold Mining
31:04 Stone Mining
32:00 Conscription
32:05 Silk Road
31:49 Caravan
33:24 Chemistry
33:12 Ring Archer Armor
32:54 Bracer
33:21 Forging
33:40 Town Patrol
34:39 Scale Mail Armor
35:16 Iron Casting
35:53 Chain Mail Armor
36:50 Two-Man Saw
41:24 Architecture
40:27 Elite Genoese Crossbowman
44:34 Blast Furnace
44:05 Plate Mail Armor
43:38 Squires
43:24 Arson
44:40 Hoardings
44:41 Heavy Plow
45:29 Stone Shaft Mining
46:19 Pikeman
49:13 Scale Barding Armor
48:45 Onager
55:42 Elite Skirmisher
57:02 Pirotechnia
osteor10
7:51 Loom
10:48 Feudal Age
12:31 Double-Bit Axe
17:41 Castle Age
26:47 Gold Mining
28:06 Wheelbarrow
28:54 Gold Shaft Mining
28:46 Stone Mining
32:51 Imperial Age
30:37 Forging
30:32 Squires
31:20 Horse Collar
33:55 Stone Shaft Mining
33:34 Heavy Plow
34:01 Bow Saw
33:35 Elite Shotel Warrior
34:36 Conscription
34:43 Town Watch
36:38 Iron Casting
36:03 Scale Mail Armor
35:58 Arson
37:42 Two-Man Saw
36:58 Royal Heirs
38:16 Chain Mail Armor
39:13 Blast Furnace
44:00 Hand Cart
43:45 Town Patrol
45:58 Halberdier
The Geo
11:34 Feudal Age
15:40 Castle Age
13:39 Horse Collar
15:23 Double-Bit Axe
26:03 Loom
29:23 Wheelbarrow
31:59 Imperial Age
30:07 Fletching
30:13 Gold Mining
30:14 Stone Mining
30:44 Caravan
30:51 Bodkin Arrow
31:24 Bloodlines
32:14 Padded Archer Armor
32:26 Forging
32:37 Scale Barding Armor
32:27 Town Watch
33:07 Conscription
32:49 Bracer
32:58 Husbandry
33:29 Parthian Tactics
33:48 Leather Archer Armor
33:44 Bracer
34:58 Chemistry
33:33 Light Cavalry
34:50 Iron Casting
34:51 Bow Saw
35:30 Leather Archer Armor
34:36 Heavy Camel Rider
37:32 Blast Furnace
36:53 Chain Barding Armor
37:37 Siphons
37:37 Siege Engineers
36:57 Elite Mangudai
38:17 Scale Mail Armor
39:27 Chain Mail Armor
38:36 Onager
39:54 Thumb Ring
39:38 Elite Steppe Lancer
41:54 Plate Mail Armor
41:47 Ballistics
41:25 Capped Ram
42:27 Siege Ram
43:32 Siege Ram
44:52 Drill
47:48 Heavy Plow
48:50 Pikeman
56:24 Hussar
58:32 Siege Engineers
bkg45
11:17 Feudal Age
15:04 Castle Age
13:29 Double-Bit Axe
14:01 Horse Collar
15:58 Bow Saw
15:50 Heavy Plow
19:02 Loom
21:45 Wheelbarrow
23:32 Town Watch
23:41 Gold Mining
24:12 Stone Mining
25:42 Hand Cart
30:37 Imperial Age
28:40 Ballistics
29:44 Fletching
29:55 Padded Archer Armor
30:24 Bodkin Arrow
30:46 Masonry
31:22 Leather Archer Armor
32:40 Chemistry
31:58 Bracer
31:29 Elite Elephant Archer
32:15 Thumb Ring
32:45 Conscription
32:35 Medical Corps
33:47 Ring Archer Armor
35:14 Husbandry
35:36 Elite Skirmisher
40:44 Caravan
42:03 Fortified Wall
41:51 Murder Holes
52:31 Hoardings
52:51 Coinage
54:36 Banking
56:24 Two-Man Saw
56:00 Guilds
Connection lost

Rejoining the realm…

Still unreachable

The connection could not be restored.

Session expired

The server has moved on; the page needs a fresh start.